 Dungeon Crawl Stone Soup version 0.32-a0-933-ga8fa3634e4 (webtiles) character file.

Game seed: 13433585877485848849

100 freelancePsychic the Magician (level 4, -1/35 HPs)
             Began as a Demonspawn Wanderer on Apr 14, 2024.
             Slain by an ogre
             ... wielding a +0 giant club
              (30 damage)
             ... on level 3 of the Dungeon.
             The game lasted 00:03:21 (2230 turns).

freelancePsychic the Magician (Demonspawn Wanderer) Turns: 2230, Time: 00:03:22

Health: -1/35      AC:  3    Str: 12    XL:     4   Next: 46%
Magic:  10/11      EV: 10    Int: 17    God:
Gold:   120        SH:  0    Dex: 10    Spells: 12/13 levels left

rFire   . . .        k - +0 dagger
rCold   . . .        (no shield)
rNeg    . . .        c - +0 robe
rPois   .            (no helmet)
rElec   .            g - scarf {+Inv}
rCorr   .            i - +0 pair of gloves
SInv    .            (no boots)
Will    .....        (no amulet)
Stlth   ++           (no ring)
HPRegen 0.25/turn    (no ring)
MPRegen 0.12/turn

%: no passive effects
@: no status effects
A: demonic guardian 1, demonic magic 1
a: Evoke Invisibility


You were on level 3 of the Dungeon.
You visited 1 branch of the dungeon, and saw 3 of its levels.

You collected 120 gold pieces.

Inventory:

Hand Weapons
 k - a +0 dagger (weapon)
Armour
 c - a +0 robe (worn)
 g - a scarf of invisibility (worn)
 i - a +0 pair of gloves (worn)
 o - a +0 buckler
Scrolls
 b - a scroll of teleportation {@r4}
 d - 2 scrolls of fog
 h - 2 scrolls of summoning
 l - a scroll of noise {unknown}
 m - a scroll of enchant armour {unknown}
 n - a scroll of enchant weapon {unknown}
Potions
 a - 2 potions of berserk rage {unknown}
 e - 3 potions of curing {unknown}
 f - a potion of heal wounds {unknown}
 j - 2 potions of brilliance {unknown}
 p - a potion of lignification {unknown}


   Skills:
 - Level 3.0 Fighting
 + Level 1.1 Short Blades
 + Level 1.7 Stealth
 - Level 5.0 Spellcasting
 * Level 3.1 Earth Magic


You had 12 spell levels left.
You knew the following spells:

 Your Spells              Type           Power      Damage    Failure   Level
a - Sandblast             Erth           28%        2d8       4%          1

Your spell library contained the following spells:

 Spells                   Type           Power      Damage    Failure   Level
 Shock                    Conj/Air       16%        1d4       14%         1
 Mercury Vapours          Alch/Air       8%         N/A       22%         2
 Call Canine Familiar     Summ           4%         N/A       38%         3
 Inner Flame              Hex/Fire       4%         N/A       38%         3
 Tukima's Dance           Hex            4%         N/A       38%         3
 Volatile Blastmotes      Fire/Tloc      8%         2d10      38%         3


Dungeon Overview and Level Annotations

Branches:
Dungeon (3/15)

Altars:

Annotations:
D:2 1 runed translucent door, Crazy Yiuf


Innate Abilities, Weirdness & Mutations

A weak demonic guardian rushes to your aid.
Spells you cast may paralyse adjacent enemies.


Message History

Malevolent energies surge around you.
The ribbon worm suddenly stops moving!
The helpless ribbon worm fails to defend itself.
You puncture the ribbon worm!
You kill the ribbon worm!
You open the door.
There is an open door here.
Found 6 stones.
p - a coppery potion You see here 6 stones.
There is an open door here.
Found a stone staircase leading down.
Found a stone staircase leading down.
There is a stone staircase leading down here.
Found an escape hatch in the ceiling.
There is an escape hatch in the ceiling here.
Found an escape hatch in the floor.
There is an escape hatch in the floor here.
There is an open door here.
An endoplasm comes into view.
An endoplasm is nearby!
An ogre comes into view. It is wielding a +0 giant club.
The ogre shouts!
You hit the endoplasm.
The endoplasm is moderately wounded.
The endoplasm hits you.
You barely miss the endoplasm.
The endoplasm is moderately wounded.
The endoplasm closely misses you.
Okay, then.
Aiming: Sandblast (safe; 4% risk of failure)
Press: ? - help, Q - select action, (/) - cycle Shift-Dir - straight line, f - ogre
Aim: an ogre, wielding a +0 giant club (91% to hit)
The blast of sand hits the ogre!
The ogre is heavily wounded.
Malevolent energies surge around you. The endoplasm freezes you.
You are frozen.
The ogre hits you with a +0 giant club!!
Ouch! That really hurt!
You die...

.# ##+## #.# ##...## #.#
##.....## #.###
##.......## ##....
..####.........####...#.
.....'J@.......'........
..####O........####...#.
##.......## ##.##.
##....$## #.... ##...##
#.##. ##+## #.##. #.##.
#.##. #....


You could see an ogre and an endoplasm.

Vanquished Creatures
  A hound (D:3)
  An adder (D:2)
  5 ribbon worms
  5 ball pythons
  3 bats (D:1)
  7 endoplasms
  5 giant cockroaches
  5 hobgoblins
  3 jackals (D:1)
  3 kobolds (D:1)
  3 quokkas
  A frilled lizard (D:1)
  3 rats
45 creatures vanquished.

Notes
Turn   | Place    | Note
-------+----------+-------------------------------------------
     0 | D:1      | freelancePsychic the Demonspawn Wanderer began the quest
                  | for the Orb.
     0 | D:1      | freelancePsychic set off with the following items: a +0
                  | club, a scroll of teleportation {@r4}, a +0 robe, 2 scrolls
                  | of fog; and the following spells available to memorise:
                  | Sandblast, Shock, Call Canine Familiar, Volatile
                  | Blastmotes.
     0 | D:1      | Reached XP level 1. HP: 18/18 MP: 6/6
     2 | D:1      | Learned a level 1 spell: Sandblast
   136 | D:1      | Reached skill level 1 in Earth Magic
   260 | D:1      | Gained mutation: A weak demonic guardian rushes to your
                  | aid. [demonic ancestry]
   260 | D:1      | Reached XP level 2. HP: 24/24 MP: 4/8
   746 | D:1      | Gained mutation: Spells you cast may paralyse adjacent
                  | enemies. [demonic ancestry]
   746 | D:1      | Reached XP level 3. HP: 29/29 MP: 6/9
  1061 | D:2      | Got the Parchment of Reagents and the Wyrd
  1452 | D:2      | Found a runed translucent door.
  1453 | D:2      | Noticed Crazy Yiuf
  1993 | D:3      | Reached XP level 4. HP: 35/35 MP: 9/11
  2067 | D:3      | Reached skill level 1 in Short Blades
  2225 | D:3      | Noticed an ogre
  2230 | D:3      | Slain by an ogre

Illustrated notes

Levels and vault maps discovered:
D:1:      nicolae_arrival_somewhat_less_tricky_arrival, layout_rooms
D:2:      layout_loops_corners, uniq_crazy_yiuf_cottage
D:3:      layout_loops_corners, minmay_misc_feat_tiny

Skill      XL: |  1  2  3  4 |
---------------+-------------+-----
Earth Magic    | 1 2 3 |  3.1
Short Blades   | 1 |  1.1
Fighting       | |  3.0
Stealth        | |  1.7
Spellcasting   | |  5.0

Action                     |  1- 3 |  4- 6 || total
---------------------------+-------+-------++-------
  Melee: Club              |     8 |       ||     8
         Dagger            |    14 |     5 ||    19
   Cast: Sandblast         |    58 |     3 ||    61
    Use: Scroll            |     1 |       ||     1
   Stab: Paralysed         |     7 |     3 ||    10
         Sleeping          |     3 |       ||     3
 Armour: Robe              |    30 |     2 ||    32
  Dodge: Dodged            |    24 |     3 ||    27

Table legend: (Time is in decaauts)
 A = Elapsed time spent in this place.
 B = Non-inter-level travel time spent in this place.
 C = Inter-level travel time spent in this place.
 D = Time resting spent in this place.
 E = Time spent auto-exploring this place.
 F = Levels seen in this place.
 G = Mean time per level.
                   A        B        C        D        E       F      G
               +--------+--------+--------+--------+--------+-----+--------+
         Total |   2261 |   2119 |    142 |     51 |   1745 |   3 |  753.7 |
       Dungeon |   2261 |   2119 |    142 |     51 |   1745 |   3 |  753.7 |
               +--------+--------+--------+--------+--------+-----+--------+

Top non-repeatable levels by time:
     D:2: 1080 daAuts
     D:1: 924 daAuts
     D:3: 256 daAuts
